 Dungeon Sprint DCSS version 0.31.0-9-g3a7656b989 (webtiles) character file.

Game seed: 7721217691367558274

431 Heoruswealwe the Spear-Bearer (level 6, -21/64 HPs)
             Began as a Minotaur Fighter on Feb 6, 2024.
             Was an Initiate of Gozag.
             Demolished by a two-headed ogre
             ... wielding a +0 giant spiked club
              (28 damage)
             ... in the Dungeon (Sprint IX: "|||||||||||||||||||||||||||||").
             The game lasted 00:02:03 (183 turns).

Heoruswealwe the Spear-Bearer (Minotaur Fighter)     Turns: 183, Time: 00:02:03

Health: -21/64     AC: 12    Str: 26    XL:     6   Next: 66%
Magic:  5/5        EV: 10    Int:  5    God:    Gozag
Gold:   0          SH:  0    Dex:  9    Spells: 5/5 levels left

rFire   . . .        b - +2 halberd (venom)
rCold   . . .        (shield currently unavailable)
rNeg    . . .        c - +1 scale mail
rPois   .            (helmet restricted)
rElec   .            h - +0 cloak
rCorr   .            (no gloves)
SInv    .            e - +0 pair of boots
Will    .....        (no amulet) Stlth
                     k - +3 ring of strength
HPRegen 0.30/turn    (no ring)
MPRegen 0.09/turn

%: no teleportation
@: gold aura
A: horns 2, retaliatory headbutt
a: Renounce Religion, Potion Petition, Call Merchant, Bribe Branch


You were in the Dungeon.
You worshipped Gozag.
Gozag was noncommittal.
You visited 1 branch

Inventory:

Hand Weapons
 a - a +0 trident
 b - a +2 halberd of venom (weapon)
Armour
 c - a +1 scale mail (worn)
 d - a +0 buckler
 e - a +0 pair of boots (worn)
 h - a +0 cloak (worn)
Jewellery
 k - a +3 ring of strength (left hand)
Wands
 l - a wand of acid (10)
Scrolls
 j - 2 scrolls of blinking
Potions
 g - a potion of haste
 i - a potion of berserk rage
 m - 5 potions of curing
 n - a potion of might


   Skills:
 + Level 9.4 Fighting
 * Level 12.3 Polearms
 + Level 9.4 Armour
 - Level 3.6 Shields


You had 5 spell levels left.
You didn't know any spells.
Your spell library was empty.

Dungeon Overview and Level Annotations

Branches:
Dungeon (1/1)

Altars:
Cheibriados
Dithmenos
Elyvilon
Fedhas
Gozag
Hepliaklqana
Kikubaaqudgha
Makhleb
Nemelex Xobeh
Okawaru
Qazlal
Ru
Sif Muna
Trog
Uskayaw
Vehumet
Wu Jian
Xom
Yredelemnul
Zin
The Shining One
Jiyva
Lugonu


Innate Abilities, Weirdness & Mutations

You have a pair of horns on your head.
You reflexively headbutt those who attack you in melee.


Message History

The troll bites you but does no damage. The troll misses you. x2
You puncture the troll!
The troll is poisoned.
The troll is heavily wounded.
The troll bites you! The troll claws you! The troll claws you.
You slash the troll!
The troll looks as sick as possible!
You headbutt the troll, but do no damage.
The troll is severely wounded.
The troll bites you! The troll closely misses you. The troll claws you!
You slash the troll!
The troll is almost dead.
You kill the troll!
Your Fighting skill gained 2 levels and is now at level 9!
Your Polearms skill gained 2 levels and is now at level 12!
Your Armour skill gained 2 levels and is now at level 9!
You have reached level 6!
You feel much better.
The troll is distracted by your dazzling golden aura.
The two-headed ogre hits you with a +0 giant spiked club!!
The two-headed ogre hits you with a +0 giant club!!
* * * LOW HITPOINT WARNING * * *
You feel much better.
You barely miss the two-headed ogre.
The two-headed ogre hits you with a +0 giant spiked club!
* * * LOW HITPOINT WARNING * * *
The two-headed ogre hits you with a +0 giant club!
* * * LOW HITPOINT WARNING * * *
You feel much better.
The troll shouts!
You slice the two-headed ogre!!
The two-headed ogre is moderately wounded.
The troll is no longer distracted by gold.
The two-headed ogre closely misses you.
The two-headed ogre hits you with a +0 giant club!!
* * * LOW HITPOINT WARNING * * *
You hit the two-headed ogre but do no damage.
You headbutt the two-headed ogre.
The two-headed ogre is heavily wounded.
The two-headed ogre hits you with a +0 giant spiked club!!
You die...
Your body crumbles into a pile of gold.

▓!▓
▓?▓
▓)▓
▓[▓
▓=▓
▓.▓
▓.▓
▓.▓
▓@▓
▓O▓
▓T▓
▓W▓
▓Y▓
▓T▓
▓.▓
▓.▓


You could see a two-headed ogre, a yak, 2 trolls and a wraith.

Vanquished Creatures
  A troll (D)
  3 scorpions (D)
  An adder (D)
  A gnoll (D)
  A hobgoblin (D)
  A quokka (D)
  A frilled lizard (D)
  2 rats (D)
11 creatures vanquished.

Notes
Turn   | Place    | Note
-------+----------+-------------------------------------------
     0 | D        | Heoruswealwe the Minotaur Fighter began the quest for the
                  | Orb.
     0 | D        | Reached XP level 1. HP: 19/19 MP: 0/0
     6 | D        | Reached skill level 3 in Polearms
    21 | D        | Noticed a scorpion
    21 | D        | Noticed a scorpion
    21 | D        | Noticed a scorpion
    23 | D        | Killed a scorpion
    24 | D        | Reached skill level 5 in Fighting
    24 | D        | Reached skill level 6 in Polearms
    24 | D        | Reached skill level 5 in Armour
    24 | D        | Reached XP level 2. HP: 29/30 MP: 1/1
    24 | D        | Reached XP level 3. HP: 36/37 MP: 2/2
    28 | D        | Reached skill level 7 in Polearms
    28 | D        | Reached XP level 4. HP: 37/44 MP: 3/3
    38 | D        | Killed a scorpion
    39 | D        | Reached skill level 9 in Polearms
    39 | D        | Reached XP level 5. HP: 40/52 MP: 4/4
    46 | D        | Reached skill level 10 in Polearms
    51 | D        | Found a snail-covered altar of Cheibriados.
    51 | D        | Found a shadowy altar of Dithmenos.
    51 | D        | Found a white marble altar of Elyvilon.
    51 | D        | Found a blossoming altar of Fedhas.
    51 | D        | Found an opulent altar of Gozag.
    52 | D        | Found a hazy altar of Hepliaklqana.
    53 | D        | Found a viscous altar of Jiyva.
    54 | D        | Found an ancient bone altar of Kikubaaqudgha.
    55 | D        | Found a corrupted altar of Lugonu.
    56 | D        | Found a burning altar of Makhleb.
    57 | D        | Found a sparkling altar of Nemelex Xobeh.
    58 | D        | Found an iron altar of Okawaru.
    59 | D        | Became a worshipper of Gozag Ym Sagoz the Greedy
    60 | D        | Found a stormy altar of Qazlal.
    61 | D        | Found a sacrificial altar of Ru.
    62 | D        | Found a shimmering blue altar of Sif Muna.
    63 | D        | Found a bloodstained altar of Trog.
    64 | D        | Found a hide-covered altar of Uskayaw.
    65 | D        | Found a radiant altar of Vehumet.
    66 | D        | Found an ornate altar of the Wu Jian Council.
    67 | D        | Found a shimmering altar of Xom.
    68 | D        | Found a basalt altar of Yredelemnul.
    69 | D        | Found a glowing silver altar of Zin.
    70 | D        | Found a glowing golden altar of the Shining One.
   173 | D        | Noticed a troll
   173 | D        | Noticed a two-headed ogre
   173 | D        | Noticed a troll
   173 | D        | Noticed a wraith
   173 | D        | Noticed a yak
   173 | D        | Noticed a troll
   177 | D        | Killed a troll
   178 | D        | Reached skill level 12 in Polearms
   178 | D        | Reached XP level 6. HP: 24/64 MP: 5/5
   183 | D        | Demolished by a two-headed ogre

Illustrated notes

Levels and vault maps discovered:
D:        linesprint [early_d, line_temple, items_1, d_10, items_2, lair_1,
          lair_end, items_3, orc_1, orc_end, items_4, d_15, swamp_1, shoals_1,
          snake_1, spider_1, d_20, vaults_1, items_5, swamp_end, shoals_end,
          snake_end, spider_end, vaults_end, d_27, items_6, zot_1, zot_end,
          crypt_end, forest_end, elf_end, slime_end, tomb_end, abyss_end,
          pan_hell_end]

Skill      XL: |  1  2  3  4  5 |
---------------+----------------+-----
Polearms       | 6 7 9 12 | 12.3
Fighting       | 5 6 7 9 |  9.4
Armour         | 5 6 7 9 |  9.4
Shields        | |  3.6

Action                     |  1- 3 |  4- 6 || total
---------------------------+-------+-------++-------
  Melee: Trident           |    14 |    18 ||    32
         Headbutt          |     5 |     3 ||     8
         Halberd           |       |     7 ||     7
    Use: Potion            |       |     3 ||     3
 Armour: Scale mail        |     8 |    27 ||    35
  Dodge: Dodged            |     3 |     6 ||     9
  Block: Buckler           |     1 |     2 ||     3
